 Dungeon Crawl Stone Soup version 0.28.0-62-gf88900778d (webtiles) character file.

Game seed: 8086819849691078828

40 cbfl8 the Skirmisher (level 3, 0/43 HPs)
             Began as a Demonspawn Berserker on May 2, 2023.
             Was a Follower of Trog.
             Slain by Sigmund
             ... wielding a +0 scythe
              (10 damage)
             ... on level 2 of the Dungeon.
             The game lasted 00:02:12 (1402 turns).

cbfl8 the Skirmisher (Demonspawn Berserker)         Turns: 1402, Time: 00:02:12

Health: 0/43       AC:  4    Str: 17    XL:     3   Next: 30%
Magic:  3/3        EV:  9    Int:  8    God:    Trog [*.....]
Gold:   39         SH:  4    Dex: 14    Spells: 2/2 levels left

rFire   . . .      SeeInvis .   a - +0 hand axe
rCold   . . .      Faith    .   (no shield)
rNeg    . . .      Spirit   .   b - +0 animal skin
rPois   .          Reflect  .   (no helmet)
rElec   .          Harm     .   (no cloak)
rCorr   .          Rampage  .   (no gloves)
Will    .....                   (no boots)
Stlth   ..........              (no amulet)
HPRegen 0.14/turn               (no ring)
MPRegen 0.08/turn               (no ring)

@: berserking, constricted, very quick
A: icy blue scales 1, condensation shield
a: Renounce Religion, Berserk


You were on level 2 of the Dungeon.
You worshipped Trog.
Trog was aware of your devotion.
You visited 1 branch of the dungeon, and saw 2 of its levels.

You collected 39 gold pieces.

Inventory:

Hand Weapons
 a - a +0 hand axe (weapon)
Armour
 b - a +0 animal skin (worn)
Scrolls
 e - a scroll of blinking {unknown}
 f - a scroll of fear {unknown}
Potions
 d - a potion of attraction {unknown}


   Skills:
 + Level 3.2 Fighting
 + Level 3.1 Axes
 + Level 1.8 Armour
 + Level 2.1 Dodging
 * Level 1.1 Stealth
 * Level 0.8 Evocations


You had 2 spell levels left.
You didn't know any spells.
Your spell library was empty.

Dungeon Overview and Level Annotations

Branches:
Dungeon (2/15)

Altars:

Annotations:
D:2 Sigmund


Innate Abilities, Weirdness & Mutations

You are partially covered in icy blue scales. (AC +2)
A meltable shield of frost defends you. (SH +4)


Message History

You're too confused to move!
The quokka barely misses you.
A ball python comes into view.
The quokka bites you.
The ball python hisses angrily.
A frilled lizard comes into view.
The quokka bites you but does no damage.
Sigmund zaps a wand.
Some rock shatters into small pieces.
The quokka closely misses you.
Okay, then.
The quokka bites you but does no damage.
A frilled lizard comes into view.
You're too confused to move!
The frilled lizard hisses angrily.
The quokka barely misses you. The quokka closely misses you.
Sigmund flickers, as though insubstantial.
The quokka bites you but does no damage.
You feel less confused.
Sigmund flickers, as though insubstantial.
The ball python closely misses you. The ball python grabs you.
The ball python constricts you.
The ball python's grasp on you weakens, but your attempt to escape fails.
Sigmund casts a spell.
Sigmund flickers and vanishes!
Deactivating autopickup; reactivate with Ctrl-A.
The goblin hits you but does no damage. The ball python closely misses you.
The ball python constricts you.
A red film seems to cover your vision as you go berserk!
You feel yourself moving faster!
You feel mighty! Something hits you. The goblin hits you with a +0 club.
* * * LOW HITPOINT WARNING * * *
The ball python bites you but does no damage.
The ball python constricts you.
* * * LOW HITPOINT WARNING * * *
The frilled lizard unfolds its giant frill.
You closely miss the ball python. You closely miss the goblin.
You barely miss the quokka. The quokka closely misses you.
The ball python bites you but does no damage.
The ball python constricts you. The goblin barely misses you.
Something hits you!
You die...

...##.# .....#
#....### #
##.##...###
#.######...#.....#
...........l..#.###
............l......
............gr.####
...........{S@.#
...............#
...............#
.............$...
...............#.#
........[.....##...
.....<##.....#. ...
##.####. ...


You could see a quokka, a goblin, a ball python and 2 frilled lizards.

Vanquished Creatures
  A dart slug (D:1)
  2 ball pythons (D:1)
  5 endoplasms (D:1)
  8 goblins
  A hobgoblin (D:1)
  2 kobolds (D:1)
  3 quokkas (D:1)
  6 bats (D:1)
  2 frilled lizards (D:1)
  2 rats
32 creatures vanquished.

Notes
Turn   | Place    | Note
-------+----------+-------------------------------------------
     0 | D:1      | cbfl8 the Demonspawn Berserker began the quest for the Orb.
     0 | D:1      | Reached XP level 1. HP: 18/18 MP: 1/1
   499 | D:1      | Found a faded altar of an unknown god.
   640 | D:1      | Gained mutation: You are partially covered in icy blue
                  | scales. (AC +2) [demonic ancestry]
   640 | D:1      | Reached XP level 2. HP: 24/24 MP: 2/2
  1060 | D:1      | Reached skill level 1 in Stealth
  1060 | D:1      | Gained mutation: A meltable shield of frost defends you.
                  | (SH +4) [demonic ancestry]
  1060 | D:1      | Reached XP level 3. HP: 29/29 MP: 3/3
  1370 | D:2      | Noticed Sigmund
  1402 | D:2      | Slain by Sigmund

Illustrated notes

Levels and vault maps discovered:
D:1:      lemuel_arrival_tunnels, layout_basic, ebering_ecumenical_altar_box,
          minivault_25
D:2:      layout_rooms, serial_aquarium, aquarium_bridge_square
          [aquarium_subvault_window, aquarium_subvault_balcony,
          aquarium_subvault_bridge, aquarium_subvault_bridge],
          aquarium_bridge_long_joined [aquarium_subvault_balcony,
          aquarium_subvault_wall, aquarium_subvault_bridge,
          aquarium_subvault_balcony, aquarium_subvault_bridge,
          aquarium_subvault_window], aquarium_window_corner,
          aquarium_window_fake, aquarium_window_fake, aquarium_window_2,
          aquarium_view_2f, st_stairs_6, uniq_sigmund

Skill      XL: |  1  2 |
---------------+-------+-----
Dodging        | 2 |  2.1
Axes           | 3 |  3.1
Stealth        | 1 |  1.1
Fighting       | |  3.2
Armour         | |  1.8
Evocations     | |  0.8

Action                   || total
-------------------------++-------
Melee: Hand axe          ||   103
Invok: Berserk           ||     1
  Use: Scroll            ||     2
 Stab: Sleeping          ||     1
Armor: Animal skin       ||    49
Dodge: Dodged            ||    96
Block: Other             ||    10
